Map: Dreamcatcher LE

Players

Maru

  • Race: Terran Terran
  • Spawn Location: 5:00

sOs - Winner!

  • Race: Protoss Protoss
  • Spawn Location: 11:00

Event: 2018 WCS Global Finals

VOD

Have the link to the VOD?

Description

Time

  • Played on: Nov. 2, 2018, 3:49 p.m.
  • Length: 7:26

All games in this series

Show
View Real Time Build Order
Export as new Build Order

Maru Terran 

Build Orders: Banshee Rush 

Get SALT Encoding   

  12  0:00  SCV  
  13  0:12  SCV  
  14  0:17  Supply Depot  
  14  0:25  SCV  
  15  0:39  Barracks, SCV  
  16  0:46  Refinery  
  16  0:52  Refinery  
  16  0:56  SCV  
  17  1:08  SCV  
  18  1:20  SCV  
  19  1:26  Reaper  
  19  1:32  Orbital Command  
  20  1:44  Factory  
  20  1:57  SCV  
  21  2:10  SCV  
  22  2:22  SCV  
  22  2:32  Starport  
  22  2:34  Supply Depot  
  22  2:36  SCV  
  23  2:47  Command Center  
  23  2:53  SCV  
  23  2:59  Supply Depot  
  21  3:05  SCV  
  21  3:12  Cyclone  
  24  3:13  Starport Tech Lab  
  24  3:18  SCV  
  26  3:27  Barracks Reactor  
  26  3:30  SCV  
  26  3:34  Banshee, Cloaking Field  
  29  3:42  SCV  
  29  3:45  Cyclone  
  33  3:54  SCV  
  34  4:03  Marine x2  
  34  4:06  SCV  
  34  4:08  Supply Depot  
  37  4:20  Command Center  
  37  4:28  Factory Tech Lab  
  37  4:31  SCV  
  38  4:35  Banshee  
  38  4:37  Marine  
  42  4:43  Marine  
  43  4:49  Siege Tank  
  46  4:57  Supply Depot  
  45  5:02  Marine x2  
  47  5:19  SCV  
  48  5:21  Siege Tank  
  48  5:24  Banshee  
  54  5:34  SCV  
  55  5:42  Marine x2  
  55  5:53  Siege Tank  
  55  6:00  Marine x2  
  47  6:16  SCV  
  47  6:17  Marine x2  
  44  6:20  Banshee  
  46  6:26  Orbital Command  
  43  6:33  Siege Tank  
  43  6:35  SCV  
  43  6:39  Marine x2  
  49  6:51  SCV  
  50  6:56  SCV  
  50  6:57  Marine x2  
  50  6:58  Bunker  
  50  6:59  Bunker  
  53  7:04  SCV  
  53  7:08  SCV  
Show
View Real Time Build Order
Export as new Build Order

sOs Protoss - Winner!

Build Orders: Blink Stalkers 

Get SALT Encoding   

  12  0:00  Probe  
  13  0:12  Probe  
  14  0:17  Pylon  
  14  0:24  Probe  
  15  0:32  Probe  
  15  0:38  Gateway  
  15  0:40  Probe  
  16  0:49  Assimilator  
  17  0:51  Probe  
  18  1:00  Pylon  
  18  1:03  Probe  
  19  1:07  Assimilator  
  19  1:15  Probe  
  20  1:25  Cybernetics Core  
  20  1:27  Probe  
  20  1:31  Zealot  
  24  1:40  Probe  
  24  1:42  Pylon  
  24  1:52  Probe  
  24  1:53  Adept  
  25  2:03  Pylon  
  25  2:05  Warp Gate  
  25  2:08  Twilight Council  
  27  2:10  Probe  
  28  2:22  Probe  
  29  2:26  Blink, Stalker  
  31  2:58  Stalker  
  31  3:15  Nexus  
  31  3:20  Robotics Facility  
  31  3:22  Probe  
  32  3:31  Gateway  
  32  3:44  Probe  
  33  3:49  Gateway  
  33  3:55  Pylon  
  33  3:56  Probe  
  34  4:06  Observer  
  34  4:13  Probe  
  34  4:14  Stalker  
  38  4:18  Pylon  
  38  4:24  Observer  
  38  4:25  Probe  
  38  4:28  Probe  
  38  4:30  Charge  
  41  4:39  Probe  
  41  4:42  Probe  
  43  4:46  Observer  
  43  4:51  Stalker x3  
  50  4:58  Probe  
  51  5:11  Gateway  
  51  5:12  Gateway  
  51  5:21  Stalker x3  
  51  5:23  Gateway  
  57  5:28  Probe  
  57  5:29  Pylon  
  57  5:34  Shield Battery  
  58  5:44  Stalker x2  
  62  5:51  Stalker  
  64  6:01  Observer  
  60  6:04  Probe x2  
  60  6:08  Warp Prism  
  53  6:15  Observer  
  53  6:24  Zealot x3  
  59  6:32  Probe  
  60  6:33  Observer  
  60  6:34  Zealot x3  
  66  6:43  Pylon  
  66  6:45  Zealot x2  
  69  6:51  Stalker  
  69  6:59  Stalker  
  52  7:17  Stalker x5  
Tags
 
Add a new tag
Caveats
  • Supply blocks, unpowered buildings, or Contaminate may cause inaccurate times.
  • Supply counts are checked every 10 seconds.